 Dungeon Crawl Stone Soup version 0.26-a0-639-g72c4674329 (webtiles) character file.

Game seed: 15036912087494121325

28060 Flugslaktarn the Cleaver (level 13, -36/127 HPs)
             Began as a Deep Dwarf Fighter on Sept 23, 2020.
             Was a High Priest of Makhleb.
             Killed from afar by an orc wizard (55 damage)
             ... with an exploding inner flame
             ... hexed by the player character
             ... on level 2 of the Orcish Mines.
             The game lasted 00:06:18 (8611 turns).

Flugslaktarn the Cleaver (Deep Dwarf Fighter)       Turns: 8611, Time: 00:06:19

Health: -36/127    AC: 26    Str: 23    XL:     13   Next: 7%
Magic:  14/14      EV:  6    Int: 11    God:    Makhleb [*****.]
Gold:   1471       SH: 12    Dex: 12    Spells: 12/12 levels left

rFire    . . .     SeeInvis .   a - +3 war axe (freeze) (curse)
rCold    . . .     Faith    .   p - +0 kite shield
rNeg     . . .     Spirit   .   K - +0 plate armour
rPois    .         Reflect  .   F - +2 helmet (curse)
rElec    .         Harm     .   u - +0 cloak
rCorr    .         Rampage  .   l - +2 pair of gloves
MR       +....                  m - +2 pair of boots
Stlth    ..........             (no amulet)
HPRegen  0.00/turn              (no ring)
MPRegen  0.14/turn              (no ring)

@: non-regenerating
A: damage resistance, heal wounds, sense surroundings 2, no regeneration
a: Heal Wounds, Minor Destruction, Lesser Servant of Makhleb, Major Destruction,
Greater Servant of Makhleb, Renounce Religion


You were on level 2 of the Orcish Mines.
You worshipped Makhleb.
Makhleb was extremely pleased with you.
You visited 4 branches of the dungeon, and saw 18 of its levels.
You also visited: Sewer and Ice Cave.

You collected 1568 gold pieces.
You spent 97 gold pieces at shops.

Inventory:

Hand Weapons
 a - a cursed +3 war axe of freezing (weapon)
   (You took it off a wight on level 7 of the Dungeon)
Armour
 l - a +2 pair of gloves (worn)
   (You found it on level 3 of the Dungeon)
 m - a +2 pair of boots (worn)
   (You found it on level 3 of the Dungeon)
 p - a +0 kite shield (worn)
 u - a +0 cloak (worn)
   (You found it on level 6 of the Dungeon)
 F - a cursed +2 helmet (worn)
   (You found it on level 9 of the Dungeon)
 K - a +0 plate armour (worn)
   (You found it on level 3 of the Lair of Beasts)
Wands
 b - a wand of paralysis (16)
   (You found it on level 7 of the Dungeon)
 k - a wand of enslavement (12)
   (You found it on level 9 of the Dungeon)
 A - a wand of acid (25)
   (You found it on level 8 of the Dungeon)
Scrolls
 o - 3 scrolls of magic mapping
 r - 3 scrolls of identify
 t - 6 scrolls of teleportation
 x - 12 scrolls of remove curse
 z - 3 scrolls of blinking
 B - a scroll of vulnerability
 C - 2 scrolls of enchant armour
 D - a scroll of fear
 J - a scroll of enchant weapon
Potions
 d - a potion of might
 e - 2 potions of flight
 g - 3 potions of curing
 h - 2 potions of haste
 i - a potion of mutation
 n - a potion of resistance
 q - a potion of cancellation
 s - 2 potions of ambrosia
 w - 3 potions of heal wounds
 y - a potion of lignification
 G - a potion of invisibility


   Skills:
 * Level 11.3 Fighting
 * Level 13.0 Axes
 + Level 9.9 Armour
 + Level 10.0 Shields
 + Level 9.0 Invocations
 - Level 6.0 Evocations


You had 12 spell levels left.
You didn't know any spells.
Your spell library was empty.

Dungeon Overview and Level Annotations

Branches:
Dungeon (11/15)            Temple (1/1) D:7            Lair (4/6) D:10
 Shoals (0/4) Lair:4       Spider (0/4) Lair:4          Orc (2/2) D:10
    Elf (0/3) Orc:2         Sewer (visited)           IceCv (visited)

Altars:
Ashenzari
Dithmenos
Elyvilon
Fedhas
Gozag
Kikubaaqudgha
Makhleb
Nemelex Xobeh
Okawaru
Qazlal
Ru
Sif Muna
Trog
Uskayaw
Vehumet
Wu Jian
Xom
Yredelemnul
Zin
The Shining One

Shops:
D:8 ((:=?

Annotations:
D:6 exclusion: oklob plant
Lair:1 3 runed translucent doors, jt's ghost, journeyman FoMo
Lair:4 exclusion: oklob plant
Orc:2 3 runed translucent doors, Flugslaktarn's ghost, journeyman MiFi


Innate Abilities, Weirdness & Mutations

You are resistant to damage.
You can heal yourself by infusing magical energy.
You passively map the area around you.
You do not regenerate.


Message History

The ice devil is burned terribly!
Flame seeps out of the ice devil.
The ice devil is heavily wounded.
The fiery explosion engulfs the orc high priest!!!
Flame seeps out of the orc high priest.
The orc high priest is almost dead.
The fiery explosion engulfs the smoke demon.
The smoke demon resists.
Flame seeps out of the smoke demon.
The smoke demon is heavily wounded.
Makhleb accepts your kill.
You feel better.
The fiery explosion engulfs the ice devil!!
The ice devil is burned terribly!
The ice devil explodes!
The fiery explosion engulfs you!!
* * * LOW HITPOINT WARNING * * *
The fiery explosion engulfs the hellwing!!
Flame seeps out of the hellwing.
The hellwing is heavily wounded.
The fiery explosion engulfs you!!!
You die...

, ......#........ , ,
......#........ ,, ,
*, ,, .....#........
,,,,, , ....#...^....
, , , , #..#........
, , ,,, ,
#..........., , ,, ∩,
,#.§§........, , , ,
, #§§4)....... , , *
#§@#))...... , ,
#ooo3#.)...... , ,,
#oooo3#)......., ,, ,
,,
#.oooo3o#........,, ,
, ##..o.o.#........,
, ,,.......##..#..#..
, ......##......... ,
##########.........#
,,, ,
,....................
,


You could see 3 orc high priests, a sun demon (summoned, inner flame), a
hellwing (summoned, inner flame), a smoke demon (summoned, inner flame), a
neqoxec (summoned, inner flame), 2 orc warriors, 8 orc priests and an orc (inner
flame).

Vanquished Creatures
  Jorgrun (Orc:1)
  Snorg (D:10)
  An ogre mage (Orc:1)
  2 hydras
  A two-headed ogre (D:10)
  Nergalle (Lair:1)
  Pikel (D:6)
  An ugly thing (IceCv)
  An orc knight (Orc:1)
  An orc sorcerer (Orc:2)
  4 elephants (Lair:3)
  Joseph (Lair:1)
  5 black mambas
  Maggie (D:8)
  A rime drake (Lair:4)
  6 komodo dragons
  6 cane toads
  A troll (Orc:1)
  4 blink frogs (Lair:4)
  4 hippogriffs
  A wraith (D:11)
  2 wyverns
  17 yaks
  Edmund (D:6)
  2 wargs (Orc:1)
  7 water moccasins
  2 sky beasts
  2 porcupines
  9 orc warriors
  6 ice beasts (IceCv)
  A necrophage (D:10)
  A phantom (D:8)
  9 wolves
  9 ogres
  4 centaurs
  A lemure (D:6)
  7 crocodiles
  17 bullfrogs
  A wyvern skeleton (D:9)
  A scorpion (D:9)
  5 killer bees (D:8)
  9 wights
  An electric eel (Lair:4)
  2 howler monkeys
  A centaur zombie (D:8)
  3 hounds
  14 orc priests
  A jelly (D:8)
  2 iguanas
  14 orc wizards
  7 worker ants
  A hound zombie (D:7)
  A hound skeleton (D:6)
  10 adders
  2 white imps
  4 ufetubi
  3 oozes
  An adder skeleton (D:6)
  27 orcs
  2 giant cockroaches
  A hobgoblin (D:2)
  11 jackals
  5 quokkas
  3 ball pythons
  2 bats (D:5)
  5 frilled lizards
  3 kobolds
  A quokka skeleton (D:4)
  A rat (D:2)
286 creatures vanquished.

Vanquished Creatures (others)
  5 fungi
  20 plants
25 creatures vanquished.

Grand Total: 311 creatures vanquished

Notes
Turn   | Place    | Note
-------+----------+-------------------------------------------
     0 | D:1      | Flugslaktarn the Deep Dwarf Fighter began the quest for the
                  | Orb.
     0 | D:1      | Reached XP level 1. HP: 20/20 MP: 1/1
    57 | D:2      | Reached XP level 2. HP: 20/27 MP: 2/2
   236 | D:3      | Reached XP level 3. HP: 34/34 MP: 3/3
   403 | D:3      | Noticed a centaur
   414 | D:3      | Killed a centaur
   414 | D:3      | Reached skill level 3 in Axes
   414 | D:3      | Reached XP level 4. HP: 27/42 MP: 4/4
   579 | D:4      | Reached XP level 5. HP: 49/50 MP: 4/4
   589 | D:4      | Reached skill level 4 in Axes
   665 | D:4      | Reached XP level 6. HP: 46/57 MP: 5/5
   670 | D:4      | Found a stormy altar of Qazlal.
   947 | D:5      | Entered Level 5 of the Dungeon
  1063 | D:5      | Found a glowing drain.
  1081 | Sewer    | Entered a sewer
  1300 | D:5      | Found a shimmering altar of Xom.
  1300 | D:5      | Found a shimmering altar of Xom.
  1301 | D:5      | Found a shimmering altar of Xom.
  1301 | D:5      | Found a shimmering altar of Xom.
  1301 | D:5      | Found a shimmering altar of Xom.
  1525 | D:6      | Reached skill level 5 in Axes
  1525 | D:6      | Reached XP level 7. HP: 31/66 MP: 6/6
  1581 | D:6      | Noticed Pikel
  1609 | D:6      | Killed Pikel
  1609 | D:6      | Reached skill level 5 in Fighting
  1609 | D:6      | Reached skill level 6 in Axes
  1609 | D:6      | Reached skill level 5 in Armour
  1609 | D:6      | Reached skill level 5 in Shields
  1609 | D:6      | Reached XP level 8. HP: 55/75 MP: 6/6
  1637 | D:6      | Noticed Edmund
  1670 | D:6      | Killed Edmund
  1971 | D:6      | Found a blossoming altar of Fedhas.
  1989 | D:6      | Noticed an oklob plant
  2198 | D:7      | Reached skill level 7 in Axes
  2206 | D:7      | Gained mutation: You passively map the area around you.
                  | [Deep Dwarf growth]
  2206 | D:7      | Reached XP level 9. HP: 32/85 MP: 7/7
  2338 | D:7      | Reached skill level 8 in Axes
  2467 | D:7      | Found a staircase to the Ecumenical Temple.
  2513 | Temple   | Entered the Ecumenical Temple
  2581 | Temple   | Became a worshipper of Makhleb the Destroyer
  3006 | D:8      | Found Woolysoo's Magic Scroll Shoppe.
  3014 | D:8      | Bought a scroll of blinking for 97 gold pieces
  3052 | D:8      | Found Quog's Jewellery Shoppe.
  3063 | D:8      | Found Baidy's Book Shop.
  3082 | D:8      | Reached skill level 1 in Invocations
  3172 | D:8      | Found Inneposke's Weapon Boutique.
  3210 | D:8      | Found Icres's Weapon Shoppe.
  3235 | D:8      | Found a sparkling altar of Nemelex Xobeh.
  3262 | D:8      | Found a shattered altar of Ashenzari.
  3366 | D:8      | Noticed Maggie
  3382 | D:8      | Killed Maggie
  3382 | D:8      | Reached skill level 9 in Axes
  3668 | D:8      | Reached * piety under Makhleb
  3776 | D:9      | Reached XP level 10. HP: 47/96 MP: 9/9
  3852 | D:9      | Reached skill level 1 in Evocations
  4284 | D:10     | Entered Level 10 of the Dungeon
  4284 | D:10     | Noticed a two-headed ogre
  4294 | D:10     | Killed a two-headed ogre
  4337 | D:10     | Noticed Snorg
  4352 | D:10     | Found a staircase to the Orcish Mines.
  4387 | D:10     | Killed Snorg
  4387 | D:10     | Reached skill level 10 in Axes
  4430 | D:10     | Reached ** piety under Makhleb
  4550 | D:10     | Found a staircase to the Lair.
  4770 | D:10     | Reached skill level 5 in Invocations
  4906 | Lair:1   | Entered Level 1 of the Lair of Beasts
  4906 | Lair:1   | Noticed Joseph
  4908 | Lair:1   | Found a runed translucent gate.
  4908 | Lair:1   | Found a runed translucent gate.
  4908 | Lair:1   | Found a runed translucent gate.
  4912 | Lair:1   | Noticed a cane toad
  4920 | Lair:1   | Killed Joseph
  4922 | Lair:1   | Reached XP level 11. HP: 66/106 MP: 11/11
  4934 | Lair:1   | Noticed jt's ghost (journeyman FoMo)
  5025 | Lair:1   | Noticed Nergalle
  5051 | Lair:1   | Killed Nergalle
  5307 | Lair:1   | Noticed a six-headed hydra
  5321 | Lair:1   | Killed an eight-headed hydra
  5321 | Lair:1   | Reached skill level 11 in Axes
  5321 | Lair:1   | Reached skill level 5 in Evocations
  5759 | Lair:2   | Noticed a four-headed hydra
  5771 | Lair:2   | Killed an eight-headed hydra
  6400 | Lair:3   | Reached skill level 10 in Fighting
  6457 | Lair:3   | Reached XP level 12. HP: 102/116 MP: 14/14
  6483 | Lair:3   | Reached *** piety under Makhleb
  6531 | Lair:3   | You fall into a shaft and drop 1 floor!
  6551 | Lair:4   | Reached skill level 12 in Axes
  6552 | Lair:4   | Found a hole to the Spider Nest.
  6731 | Lair:4   | Found a staircase to the Shoals.
  6757 | Lair:4   | Found a frozen archway.
  6780 | IceCv    | Entered an ice cave
  7108 | Lair:4   | Reached **** piety under Makhleb
  7893 | Orc:1    | Entered Level 1 of the Orcish Mines
  8044 | Orc:1    | Noticed Jorgrun
  8071 | Orc:1    | Killed Jorgrun
  8222 | Orc:1    | Noticed an ogre mage
  8230 | Orc:1    | Killed an ogre mage
  8230 | Orc:1    | Reached XP level 13. HP: 102/127 MP: 14/14
  8358 | Orc:2    | Entered Level 2 of the Orcish Mines
  8369 | Orc:2    | Reached skill level 10 in Shields
  8439 | Orc:2    | Found a runed translucent gate.
  8439 | Orc:2    | Found a runed translucent gate.
  8439 | Orc:2    | Found a runed translucent gate.
  8447 | Orc:2    | Noticed Flugslaktarn's ghost (journeyman MiFi)
  8570 | Orc:2    | Reached skill level 13 in Axes
  8596 | Orc:2    | Reached ***** piety under Makhleb
  8611 | Orc:2    | Killed from afar by an orc wizard

Illustrated notes

Levels and vault maps discovered:
D:1:      psy_arrival_terrarium, layout_basic, serial_forest,
          infiniplex_forest_zigzag_1, infiniplex_forest_lined_ring,
          infiniplex_forest_clump_long, infiniplex_forest_clump_long,
          infiniplex_forest_lined_1, infiniplex_forest_clump_double,
          infiniplex_forest_clump_diagonal
D:2:      layout_basic
D:3:      layout_loops_ring
D:4:      layout_rooms, marbit_many_paths, minmay_misc_feat_tower
D:5:      layout_gridville, xom_redecorated, cheibrodos_sewer_entry_sluice,
          minivault_23
D:6:      layout_cave_pools, nicolae_overflow_hidden_temple, tgw_fedhas,
          uniq_pikel, uniq_edmund
D:7:      layout_loops_ring, minmay_temple_entry_glass
D:8:      layout_basic, lemuel_crystal_altar, ashenzari_altar_1,
          serial_corexii_hall, chequers_hall_statues_wall_a,
          corexii_hall_statues_t, serial_shops, nicolae_shop_waterfront, shop,
          shop, shop_fountains, shop_fountains, uniq_maggie
D:9:      layout_roguey
D:10:     layout_rooms, lair_entry_dummy, orc_0_dummy, uniq_snorg
D:11:     layout_grid_maze
Temple:   eino_temple_scatter_basement
Lair:1:   layout_chaotic_city, ebering_ghost_rock_garden, uniq_joseph,
          uniq_nergalle
Lair:2:   layout_hall_layers
Lair:3:   layout_layer_cave
Lair:4:   layout_gridlike, elwin_shoals_entry_rocks, dummy_spider_entry,
          portal_ice_cave_entry_pillars_2, nicolae_quartered_pool_little,
          minmay_lair_oklob_chamber
Orc:1:    layout_caves, mines4_lemuel, uniq_jorgrun
Orc:2:    st_orc_mages, layout_diamond_mine, gammafunk_ghost_necromancy,
          serial_shops, shop, uniq_sonja

Skill      XL: |  1  2  3  4  5  6  7  8  9 10 11 12 13 |
---------------+----------------------------------------+-----
Fighting       | 3 4 5 6 8 9 10 11 | 11.3
Axes           | 3 4 5 6 7 9 10 11 12 13 | 13.0
Armour         | 4 5 6 7 8 9 |  9.9
Shields        | 4 5 6 7 8 9 10 | 10.0
Invocations    | 3 5 7 8 9 |  9.0
Evocations     | 4 6 |  6.0

Action                   |  1- 3 |  4- 6 |  7- 9 | 10-12 | 13-15 || total
-------------------------+-------+-------+-------+-------+-------++-------
Melee: War axe           |    72 |   120 |   296 |   577 |    54 ||  1119
 Abil: Heal Wounds       |     1 |     5 |    11 |    13 |     2 ||    32
Evoke: Wand              |       |       |       |     8 |       ||     8
  Use: Scroll            |       |       |    20 |     9 |     1 ||    30
       Potion            |       |       |     1 |     2 |       ||     3
Armor: Scale mail        |    24 |    63 |    58 |       |       ||   145
       Chain mail        |       |       |    97 |   328 |       ||   425
       Plate armour      |       |       |       |    42 |    38 ||    80
Dodge: Dodged            |    22 |    44 |    94 |   129 |    10 ||   299
Block: Kite shield       |    45 |    77 |   198 |   410 |    37 ||   767

Table legend: (Time is in decaauts)
 A = Elapsed time spent in this place.
 B = Non-inter-level travel time spent in this place.
 C = Inter-level travel time spent in this place.
 D = Time resting spent in this place.
 E = Time spent auto-exploring this place.
 F = Levels seen in this place.
 G = Mean time per level.
                   A        B        C        D        E       F      G
               +--------+--------+--------+--------+--------+-----+--------+
         Total |   8764 |   8278 |    486 |      0 |   6133 |  20 |  438.2 |
       Dungeon |   4812 |   4466 |    346 |      0 |   3256 |  11 |  437.5 |
        Temple |     85 |     69 |     16 |      0 |     59 |   1 |   85.0 |
          Lair |   2876 |   2760 |    116 |      0 |   2180 |   4 |  719.0 |
  Orcish Mines |    705 |    697 |      8 |      0 |    522 |   2 |  352.5 |
         Sewer |    202 |    202 |      0 |      0 |    102 |   1 |  202.0 |
      Ice Cave |     82 |     82 |      0 |      0 |     13 |   1 |   82.0 |
               +--------+--------+--------+--------+--------+-----+--------+

Top non-repeatable levels by time:
     D:7: 818 daAuts
  Lair:4: 777 daAuts
     D:8: 773 daAuts
  Lair:2: 773 daAuts
  Lair:1: 691 daAuts
     D:6: 637 daAuts
  Lair:3: 634 daAuts
    D:10: 621 daAuts
     D:9: 534 daAuts
     D:4: 495 daAuts
   Orc:1: 458 daAuts
     D:5: 393 daAuts
     D:3: 339 daAuts
   Orc:2: 246 daAuts
   Sewer: 202 daAuts
